 Dungeon Crawl Stone Soup version 0.21.1-1-g345015f (webtiles) character file.

6738 VLARC the Grappler (level 10, -1/77 HPs)
             Began as a Demigod Transmuter on Feb 28, 2018.
             Slain by a death yak (12 damage)
             ... on level 9 of the Dungeon.
             The game lasted 01:34:52 (19277 turns).

VLARC the Grappler (Demigod Transmuter)            Turns: 19277, Time: 01:34:52

Health: -1/77      AC:  5    Str: 17    XL:     10   Next: 47%
Magic:  19/23      EV: 12    Int: 22    God:
Gold:   161        SH:  0    Dex: 16    Spells: 4/21 levels left

rFire    . . .     SeeInvis .     - Unarmed
rCold    + . .     Gourm    .   (shield currently unavailable)
rNeg     . . .     Faith    .   K - +1 robe of Dogma {rElec rC+ Int+3}
rPois    .         Spirit   .   h - +0 helmet
rElec    +         Reflect  .   q - +0 cloak
rCorr    .         Harm     .   (gloves currently unavailable)
MR       ++...                  (no boots)
Stlth    +.........             (no amulet)
HPRegen  0.22/turn              m - ring of protection from magic
MPRegen  0.18/turn              n - +5 ring of slaying

@: blade hands
A: high mp 1
a: End Transformation


You were on level 9 of the Dungeon.
You were near starving.
You had blades for hands.
You visited 1 branch of the dungeon, and saw 10 of its levels.

You collected 533 gold pieces.
You spent 372 gold pieces at shops.

Inventory:

Hand Weapons
 a - a +3 hunting sling
Missiles
 e - 264 stones
 k - 93 sling bullets
 r - 56 arrows
 t - a throwing net (quivered)
Armour
 g - a +0 ring mail
 h - a +0 helmet (worn)
 q - a +0 cloak (worn)
 K - the +1 robe of Dogma (worn) {rElec rC+ Int+3}
   (You found it on level 7 of the Dungeon)

   It affects your intelligence (+3).
   It protects you from cold.
   It insulates you from electricity.
Jewellery
 m - a ring of protection from magic (left scythe-like blade)
 n - a +5 ring of slaying (right scythe-like blade)
 v - an uncursed ring of magical power
 y - an uncursed ring of stealth
 D - an uncursed ring of poison resistance
 E - an uncursed ring of ice
Wands
 z - a wand of flame (73)
 I - a wand of enslavement (1)
Scrolls
 i - 7 scrolls of remove curse
 o - 4 scrolls of immolation
 p - 2 scrolls of identify
 C - a scroll of amnesia
 F - 2 scrolls of fog
 G - 2 scrolls of teleportation
Potions
 b - a potion of flight
 j - 2 potions of magic
 l - 2 potions of ambrosia
 s - 2 potions of resistance
 u - a potion of cancellation
 x - 2 potions of might
 A - 2 potions of agility
 B - 2 potions of haste
 H - a potion of mutation
 J - 5 potions of curing
Books
 d - a book of Geomancy

   Spells                             Type                      Level
   a - Sandblast                      Earth                        1
   b - Passwall                       Transmutation/Earth          2
   c - Stone Arrow                    Conjuration/Earth            3
   d - Petrify                        Transmutation/Earth          4
   e - Lee's Rapid Deconstruction     Earth                        5
 w - a book of Ice

   Spells                             Type                      Level
   a - Ice Form                       Ice/Transmutation            4
   b - Metabolic Englaciation         Hexes/Ice                    5
   c - Ozocubu's Refrigeration        Ice                          6
   d - Bolt of Cold                   Conjuration/Ice              6
   e - Freezing Cloud                 Conjuration/Ice/Air          6
   f - Simulacrum                     Ice/Necromancy               6
Comestibles
 f - 16 rations


   Skills:
 - Level 3.3 Fighting
 + Level 1.7 Slings
 - Level 1.7 Dodging
 - Level 9.0 Unarmed Combat
 - Level 6.3 Spellcasting
 - Level 8.1 Transmutations
 - Level 5.2 Ice Magic
 - Level 2.0 Poison Magic


You had 4 spell levels left.
You knew the following spells:

 Your Spells              Type           Power        Failure   Level  Hunger
a - Beastly Appendage     Tmut           #####.       10%         1    None
b - Sticks to Snakes      Tmut           #####...     12%         2    None
c - Spider Form           Tmut/Pois      ####......   26%         3    #......
d - Ice Form              Ice/Tmut       #####...     34%         4    ###....
e - Passwall              Tmut/Erth      ###.......   24%         2    None
f - Blade Hands           Tmut           #####.....   43%         5    #####..


Dungeon Overview and Level Annotations

Branches:
Dungeon (10/15)            Temple (0/1) D:5            Lair (0/6) D:10
    Orc: D:9-12

Shops:
D:4 (   D:6 }   D:7 ?   D:9 =

Annotations:
D:8 1 transporter, Erica
D:9 zin vault
D:10 unshor vault?


Innate Abilities, Weirdness & Mutations

You have an increased reservoir of magic. (+10% MP)


Message History

You hit the death yak.
The death yak is lightly wounded.
The death yak gores you.
You slash the death yak!
The death yak is moderately wounded.
You slice the death yak!!
The death yak is heavily wounded.
The death yak gores you but does no damage.
You hit the death yak but do no damage.
The death yak is heavily wounded.
The death yak gores you!!
* * * LOW HITPOINT WARNING * * *
You slice the death yak!!
The death yak is almost dead.
The death yak gores you.
* * * LOW HITPOINT WARNING * * *
You hit the death yak.
The death yak is almost dead.
The death yak gores you!
You die...

.# #........#
#...# #...# .#
#........# #...#
#...# .####
#........# #...#
#...#
....#####........#
#.†.# #...#
.##..##..........#
#...# #...#
.................#
#...# #...#
.###.###.........#
#...# #...# .# #.#
#.........# #)>.#
#...#
.###'###........@#
#.:.# #...#
...'_'..........Y#
#...# #...#
.#######.........#
#...# #...# .# ###
#...).....# #...#
#...#
.#######.........#
#<..# #..<#
.................#
#...# #..)#
.########........#
#...# #...# .#
#........# #...#
#...# .#
#........# #...#
#...#


You could see a death yak.

Vanquished Creatures
  A two-headed ogre (D:7)
  A death yak (D:9)
  The ghost of MenacingMecha the Destroyer, a novice TeAE of Vehumet (D:8)
  A centaur zombie (D:10)
  The ghost of Baghtru the Skirmisher, an amateur HOFi (D:4)
  A hippogriff (D:9)
  A spriggan (D:7)
  Sigmund (D:3)
  4 yaks
  A hungry ghost (D:8)
  The ghost of shakethe the Chopper, an amateur DsGl (D:3)
  Menkaure (D:6)
  A water moccasin (D:9)
  An acid dragon (D:9)
  A sky beast (D:6)
  A necrophage (D:10)
  An eye of draining (D:10)
  An orc warrior (D:7)
  2 ogres
  3 centaurs
  2 big kobolds
  3 bullfrogs
  A wyvern skeleton (D:7)
  A scorpion (D:2)
  3 killer bees (D:10)
  5 howler monkeys
  A crimson imp (D:4)
  A quasit (D:10)
  A bullfrog zombie (D:10)
  5 hounds
  7 orc priests
  A jelly (D:8)
  Crazy Yiuf (D:3)
  2 bullfrog skeletons
  A centaur skeleton (D:9)
  3 orc wizards
  4 worker ants
  4 iguanas
  A hound skeleton (D:8)
  2 howler monkey skeletons
  10 adders
  8 gnolls
  A shadow imp (D:10)
  An adder zombie (D:8)
  2 oozes
  3 worms
  An adder skeleton (D:5)
  A dart slug (D:3)
  7 leopard geckos
  31 orcs
  A ball python (D:1)
  5 bats (D:1)
  7 giant cockroaches
  8 goblins
  7 hobgoblins
  16 jackals
  A quokka (D:2)
  10 frilled lizards
  A jackal zombie (D:5)
  18 kobolds
  A leopard gecko skeleton (D:4)
  2 quokka skeletons
  9 rats
226 creatures vanquished.

Vanquished Creatures (collateral kills)
  An ice beast (D:5)
  A phantom (D:7)
  2 killer bees (D:10)
  Terence (D:2)
  A gnoll (D:3)
  An orc (D:2)
  A giant cockroach (D:3)
8 creatures vanquished.

Vanquished Creatures (others)
  A killer bee (D:10)
1 creature vanquished.

Grand Total: 235 creatures vanquished

Notes
Turn   | Place    | Note
-------+----------+-------------------------------------------
     0 | D:1      | VLARC the Demigod Transmuter began the quest for the Orb.
     0 | D:1      | Reached XP level 1. HP: 15/15 MP: 5/5
   124 | D:1      | Reached skill level 1 in Fighting
   383 | D:1      | Reached skill level 3 in Unarmed Combat
   399 | D:1      | Reached XP level 2. HP: 21/23 MP: 7/7
   947 | D:1      | Learned a level 2 spell: Sticks to Snakes
  1023 | D:2      | Reached XP level 3. HP: 24/28 MP: 8/8
  1239 | D:2      | Found an ancient bone altar of Kikubaaqudgha.
  1244 | D:2      | Found an opulent altar of Gozag.
  1254 | D:2      | Found a deep blue altar of Sif Muna.
  1259 | D:2      | Found a sparkling altar of Nemelex Xobeh.
  2034 | D:3      | Noticed Terence
  2243 | D:2      | Reached XP level 4. HP: 29/35 MP: 7/9
  2637 | D:3      | Reached skill level 4 in Unarmed Combat
  2987 | D:3      | Noticed shakethe's ghost (amateur DsGl)
  3086 | D:2      | Killed Terence
  3230 | D:3      | Found a radiant altar of Vehumet.
  4210 | D:2      | Reached XP level 5. HP: 15/40 MP: 5/10
  4990 | D:4      | HP: 2/40 [orc/mace (8)]
  5755 | D:3      | Noticed Sigmund
  5770 | D:2      | Learned a level 4 spell: Ice Form
  5781 | D:3      | Killed Sigmund
  5781 | D:3      | Reached skill level 5 in Unarmed Combat
  5781 | D:3      | Reached XP level 6. HP: 45/47 MP: 7/11
  5914 | D:4      | Learned a level 3 spell: Spider Form
  5973 | D:4      | Reached skill level 5 in Transmutations
  6155 | D:4      | Found Ifriyross's Antique Weapon Emporium.
  6572 | D:4      | Noticed Baghtru's ghost (amateur HOFi)
  6862 | D:3      | Found a runed door.
  6867 | D:3      | Noticed Crazy Yiuf
  6873 | D:3      | Killed Crazy Yiuf
  6873 | D:3      | Reached XP level 7. HP: 52/52 MP: 8/12
  7423 | D:5      | Entered Level 5 of the Dungeon
  7451 | D:5      | Reached skill level 6 in Unarmed Combat
  8549 | D:5      | Found a staircase to the Ecumenical Temple.
  8976 | D:5      | Reached XP level 8. HP: 55/59 MP: 11/13
  9032 | D:5      | Reached skill level 7 in Unarmed Combat
  9472 | D:6      | Found a hide-covered altar of Uskayaw.
  9590 | D:6      | Found Byugontu's Gadget Shop.
  9617 | D:6      | Reached skill level 1 in Poison Magic
  9809 | D:6      | Bought a wand of flame (30) for 192 gold pieces
  9855 | D:6      | Got a jewelled long sword
  9861 | D:6      | Identified the +6 long sword "Hydra's Funeral" {pain, *Noise *Slow rElec rPois} (You found it on level 6 of the Dungeon)
  9902 | D:6      | Noticed Menkaure
  9920 | D:6      | Killed Menkaure
 10715 | D:6      | Learned a level 4 spell: Ice Form
 10849 | D:6      | Reached skill level 1 in Ice Magic
 11602 | D:7      | Got a twisted robe
 11776 | D:7      | Identified the +1 robe of Dogma {rElec rC+ Int+3} (You found it on level 7 of the Dungeon)
 12076 | D:7      | Found Ovvy's Magic Scroll Shoppe.
 12305 | D:7      | Bought a scroll of blinking for 90 gold pieces
 12305 | D:7      | Bought a scroll of blinking for 90 gold pieces
 12435 | D:7      | Reached skill level 8 in Unarmed Combat
 12608 | D:8      | Noticed a two-headed ogre
 12651 | D:7      | Killed a two-headed ogre
 12651 | D:7      | Reached XP level 9. HP: 35/64 MP: 6/14
 12839 | D:8      | Found a transporter.
 12846 | D:8      | Found a corrupted altar of Lugonu.
 13107 | D:8      | Noticed Erica
 13304 | D:8      | Noticed a two-headed ogre
 13311 | D:8      | Noticed MenacingMecha's ghost (novice TeAE)
 13828 | D:4      | Killed Baghtru's ghost
 13828 | D:4      | Reached skill level 5 in Ice Magic
 14076 | D:3      | Killed shakethe's ghost
 15183 | D:8      | HP: 3/67 [poisoned by Erica (bolt of poison)]
 15903 | D:8      | Killed MenacingMecha's ghost
 16159 | D:9      | Found Filaur's Jewellery Shop.
 16204 | D:9      | Found a shattered altar of Ashenzari.
 16204 | D:9      | Found a glowing golden altar of the Shining One.
 16336 | D:9      | Found an iron altar of Okawaru.
 16780 | D:9      | Found a sacrificial altar of Ru.
 17197 | D:9      | Found a hazy altar of Hepliaklqana.
 17299 | D:9      | Found a glowing silver altar of Zin.
 17312 | D:9      | Learned a level 2 spell: Passwall
 17505 | D:10     | Entered Level 10 of the Dungeon
 17532 | D:9      | Reached XP level 10. HP: 55/77 MP: 11/18
 17534 | D:9      | Reached skill level 9 in Unarmed Combat
 18039 | D:10     | Reached skill level 5 in Spellcasting
 18191 | D:10     | Noticed a death yak
 18194 | D:10     | Found a staircase to the Lair.
 18479 | D:10     | Noticed a death yak
 18480 | D:10     | Noticed a death yak
 18577 | D:9      | Learned a level 5 spell: Blade Hands
 19029 | D:9      | Killed a death yak
 19029 | D:9      | Reached skill level 1 in Slings
 19277 | D:9      | Slain by a death yak

Skill      XL: |  1  2  3  4  5  6  7  8  9 10 |
---------------+-------------------------------+-----
Fighting       | 1 3 |  3.3
Transmutations | 2 3 4 5 6 7 8 |  8.1
Unarmed Combat | 3 4 5 6 8 9 |  9.0
Poison Magic   | 2 |  2.0
Ice Magic      | 4 5 |  5.2
Spellcasting   | 3 6 |  6.3
Slings         | 1 |  1.7
Dodging        | |  1.7

Action                   |  1- 3 |  4- 6 |  7- 9 | 10-12 || total
-------------------------+-------+-------+-------+-------++-------
Melee: Unarmed           |   172 |   187 |   227 |    36 ||   622
       Kick              |    11 |    18 |    36 |       ||    65
       Headbutt          |     1 |       |       |       ||     1
       Punch             |     2 |     6 |     3 |     2 ||    13
 Fire: Hunting sling     |    21 |    46 |   210 |    71 ||   348
Throw: Stone             |    11 |     1 |       |       ||    12
       Throwing net      |       |     2 |       |       ||     2
 Cast: Beastly Appendage |     8 |    10 |    21 |       ||    39
       Sticks to Snakes  |       |    12 |    23 |     1 ||    36
       Ice Form          |       |     1 |     5 |     1 ||     7
       Spider Form       |       |     2 |    14 |     1 ||    17
       Passwall          |       |       |     1 |       ||     1
       Blade Hands       |       |       |       |     2 ||     2
Evoke: Wand              |       |       |     8 |     6 ||    14
  Use: Scroll            |       |    16 |    11 |     1 ||    28
       Potion            |       |     4 |     2 |       ||     6
 Stab: Sleeping          |     3 |       |       |       ||     3
       Held in net/web   |       |     2 |       |       ||     2
       Distracted        |       |     1 |     2 |       ||     3
  Eat: Chunk             |     4 |    10 |    24 |     2 ||    40
       Ration            |       |     2 |     4 |     1 ||     7
Armor: Robe              |    50 |    24 |    34 |    17 ||   125
       Skin              |       |     1 |     9 |     3 ||    13
       Leather armour    |       |       |     9 |       ||     9
Dodge: Dodged            |   123 |   116 |   192 |    52 ||   483
